 Dungeon Crawl Stone Soup version 0.28-a0-1545-g945cd3f27e (webtiles) character file.

Game seed: 15362368787892946810

81 BritishOli the Skirmisher (level 4, -5/37 HPs)
             Began as a Demonspawn Monk on Jan 18, 2022.
             Killed by divine providence
             ... invoked by an orc priest
              (13 damage)
             ... on level 3 of the Dungeon.
             The game lasted 00:02:07 (2958 turns).

BritishOli the Skirmisher (Demonspawn Monk)         Turns: 2958, Time: 00:02:08

Health: -5/37      AC:  6    Str: 13    XL:     4   Next: 20%
Magic:  4/4        EV: 13    Int: 12    God:
Gold:   104        SH:  0    Dex: 15    Spells: 3/3 levels left

rFire   . . .      SeeInvis .   a - +0 falchion
rCold   . . .      Faith    .   (no shield)
rNeg    . . .      Spirit   .   b - +0 robe
rPois   .          Reflect  .   (no helmet)
rElec   .          Harm     .   (no cloak)
rCorr   .          Rampage  .   i - +2 pair of gloves
Will    .....                   c - +0 pair of boots
Stlth   ++........              (no amulet)
HPRegen 0.12/turn               (no ring)
MPRegen 0.09/turn               (no ring)

@: no status effects
A: demonic guardian 1, sturdy frame 1
a: no special abilities


You were on level 3 of the Dungeon.
You visited 1 branch of the dungeon, and saw 3 of its levels.

You collected 104 gold pieces.

Inventory:

Hand Weapons
 a - a +0 falchion (weapon)
Missiles
 e - a throwing net (quivered)
Armour
 b - a +0 robe (worn)
 c - a +0 pair of boots (worn)
 i - a +2 pair of gloves (worn)
Scrolls
 l - a scroll of silence {unknown}
 n - a scroll of amnesia {unknown}
Potions
 d - 2 potions of magic {unknown}
 f - 2 potions of might {unknown}
 g - 2 potions of heal wounds {unknown}
 h - a potion of resistance {unknown}
 j - a potion of mutation {unknown}
 k - a potion of lignification {unknown}
 m - a potion of haste {unknown}


   Skills:
 + Level 3.7 Fighting
 + Level 3.3 Long Blades
 + Level 0.3 Armour
 + Level 3.3 Dodging
 - Level 2.0 Stealth


You had 3 spell levels left.
You didn't know any spells.
Your spell library contained the following spells:

 Spells                   Type           Power      Damage    Failure   Level
 Blink                    Tloc           0%         N/A       45%         2
 Corpse Rot               Necr/Air       0%         N/A       45%         2
 Poisonous Vapours        Pois/Air       0%         N/A       45%         2
 Lesser Beckoning         Tloc           0%         N/A       69%         3
 Manifold Assault         Tloc           0%         N/A       100%        5


Dungeon Overview and Level Annotations

Branches:
Dungeon (3/15)

Altars:
Beogh


Innate Abilities, Weirdness & Mutations

A weak demonic guardian rushes to your aid.
Your movements are slightly less encumbered by armour. (ER -2)


Message History

There are monsters nearby!
The orc priest invokes the aid of Beogh against you.
Beogh smites you!
There are monsters nearby!
There are monsters nearby!
You completely miss the orc priest.
The orc priest looks braver for a moment.
There are monsters nearby!
You closely miss the orc priest. The orc closely misses you.
The orc barely misses you.
The orc priest mumbles some strange prayers to Beogh against you.
Beogh smites you!
The orc priest hits you with a +0 hand axe.
* * * LOW HITPOINT WARNING * * *
The orc hits you with a +0 dagger.
* * * LOW HITPOINT WARNING * * *
A demonic guardian appears!
You slash the orc!
You kill the orc!
The orc priest hits you but does no damage.
The orc priest hits your iron imp with a +0 hand axe.
The orc priest hits you but does no damage.
The orc closely misses you. The orc priest misses you.
The orc priest hits your iron imp with a +0 hand axe.
Your iron imp closely misses the orc priest.
The orc misses you.
There is an open door here.
Things that are here:
a +0 flail; a +0 ring mail; an orc corpse The orc closely misses your iron imp.
The orc priest miscasts a cantrip.
Your iron imp misses the orc priest.
Something barely misses your iron imp.
Your iron imp barely misses the orc priest.
Your iron imp hits the orc but does no damage.
The orc hits your iron imp with a +0 dagger.
The orc priest mumbles some strange prayers to Beogh against you.
Beogh smites you!
You die...

# ####### #.# ####..#### #
#.....# #.# #......... ####.....#
### #.# #.##..#### .........#
##.###.###.##.>.### ####†....#
##...##...........## # #.....#
#...........##...### ######.###
##...##########.## # #........#
##.## #.# #.####.#.# #@# #.#
#...# #####.##### ##'## ###...#
#.....o...# ##...##
##.....###.###..o..# ##.....##
#(.........# ###...# ##..>....#
#..........####.##o###.........
.................##..5##.........
#........#########.8o8.#.....(...
####.#...# #.$$..##.......#


You could see 2 orc priests, an orc (ally target) and a friendly iron imp
(summoned).

Vanquished Creatures
  3 adders
  A dart slug (D:1)
  An orc (D:3)
  3 ball pythons
  5 endoplasms
  6 hobgoblins
  6 jackals
  2 quokkas
  3 bats (D:1)
  A goblin (D:1)
  7 kobolds
  2 rats
40 creatures vanquished.

Vanquished Creatures (collateral kills)
  A goblin (D:1)
  A hobgoblin (D:1)
  3 jackals
  A ball python (D:1)
6 creatures vanquished.

Vanquished Creatures (others)
  A plant (D:1)
1 creature vanquished.

Grand Total: 47 creatures vanquished

Notes
Turn   | Place    | Note
-------+----------+-------------------------------------------
     0 | D:1      | BritishOli the Demonspawn Monk began the quest for the Orb.
     0 | D:1      | Reached XP level 1. HP: 18/18 MP: 1/1
   258 | D:1      | Gained mutation: A weak demonic guardian rushes to your
                  | aid. [demonic ancestry]
   258 | D:1      | Reached XP level 2. HP: 22/24 MP: 2/2
   482 | D:1      | Found a faded altar of an unknown god.
  1276 | D:2      | Reached XP level 3. HP: 11/29 MP: 3/3
  2648 | D:3      | Gained mutation: Your movements are slightly less
                  | encumbered by armour. (ER -2) [demonic ancestry]
  2648 | D:3      | Reached XP level 4. HP: 37/37 MP: 4/4
  2958 | D:3      | Killed from afar by an orc priest

Illustrated notes

Levels and vault maps discovered:
D:1:      dpeg_arrival_orchard, layout_basic, dreamdust_ecumenical_altar_grove,
          serial_curves, eino_curves_03, eino_curves_01,
          minmay_misc_feat_pillars, corexii_leaking_fountain
D:2:      layout_basic, fountainhead
D:3:      layout_loops_corners, kennysheep_orc_chapel

Skill      XL: |  1  2 |
---------------+-------+-----
Stealth        | 2 |  2.0
Dodging        | 3 |  3.3
Long Blades    | 3 |  3.3
Fighting       | |  3.7
Armour         | |  0.3

Action                   |  1- 3 |  4- 6 || total
-------------------------+-------+-------++-------
Melee: Falchion          |   163 |     7 ||   170
       Punch             |     3 |       ||     3
 Stab: Sleeping          |     4 |     1 ||     5
Armor: Robe              |    54 |     2 ||    56
Dodge: Dodged            |   156 |     6 ||   162

Table legend: (Time is in decaauts)
 A = Elapsed time spent in this place.
 B = Non-inter-level travel time spent in this place.
 C = Inter-level travel time spent in this place.
 D = Time resting spent in this place.
 E = Time spent auto-exploring this place.
 F = Levels seen in this place.
 G = Mean time per level.
                   A        B        C        D        E       F      G
               +--------+--------+--------+--------+--------+-----+--------+
         Total |   2985 |   2886 |     99 |    529 |   1906 |   3 |  995.0 |
       Dungeon |   2985 |   2886 |     99 |    529 |   1906 |   3 |  995.0 |
               +--------+--------+--------+--------+--------+-----+--------+

Top non-repeatable levels by time:
     D:1: 1218 daAuts
     D:2: 1085 daAuts
     D:3: 681 daAuts
